 Dungeon Crawl Stone Soup version 0.17-a0-1731-g129c023 (webtiles) character file.

350 Gorice the Magician (level 6, -6/47 HPs)
             Began as a Mummy Wanderer on Aug 29, 2015.
             Was a Priest of Lugonu.
             Mangled by a centaur (8 damage)
             ... on level 5 of the Dungeon.
             The game lasted 00:24:11 (4419 turns).

Gorice the Magician (Mummy Wanderer)                Turns: 4419, Time: 00:24:11

Health: -6/47      AC:  7    Str: 14    XL:     6   Next: 33%
Magic:  11/11      EV: 10    Int: 16    God:    Lugonu [***...]
Gold:   31         SH:  0    Dex: 10    Spells: 1 memorised, 11 levels left

rFire  x . .     SeeInvis .     b - +0 hand crossbow
rCold  + + .     Clarity  .     A - +3 leather armour {rC+}
rNeg   + + +     SustAt   .     (no shield)
rPois  ∞         Gourm    .     (no helmet)
rElec  .         Spirit   .     (no cloak)
rCorr  .         Warding  .     (no gloves)
rMut   .         Stasis   .     f - +0 pair of boots
MR     .....                    (no amulet)
Stlth  +.........               (no ring)
                                (no ring)

@: not resistant to hostile enchantments, very unstealthy
A: no food or potions, fire vulnerability, cold resistance 1, negative energy
resistance 3, torment resistance, unbreathing
a: Depart the Abyss, Bend Space, Banish, Renounce Religion


You were on level 5 of the Dungeon.
You worshipped Lugonu.
Lugonu was most pleased with you.
You were not hungry.

You visited 1 branch of the dungeon, and saw 5 of its levels.

You collected 295 gold pieces.
You spent 264 gold pieces at shops.

Inventory:

Hand weapons
 a - a +1 whip of electrocution
   (You took it off an orc on level 4 of the Dungeon)
 b - a +0 hand crossbow (weapon)
 g - a +0 mace
 o - a +0 falchion
 r - a +0 hunting sling
 x - a +0 trident
Missiles
 d - 13 bolts (quivered)
 s - 23 sling bullets
 u - 15 sling bullets of flame
 v - 4 tomahawks
 Z - 157 stones
Armour
 c - a +0 ring mail
 f - a +0 pair of boots (worn)
 i - a +0 plate armour
 A - a +3 leather armour of cold resistance (worn)
   (You bought it in a shop on level 5 of the Dungeon)
Scrolls
 e - 2 scrolls of teleportation {!r}
 h - 4 scrolls of enchant weapon
 n - 3 scrolls of remove curse
 p - a scroll of noise {unknown}
 q - 3 scrolls of amnesia
 t - a scroll of fear {!r}
 w - a scroll of magic mapping {!r}
 y - a scroll of fog
 z - a scroll of enchant armour {unknown}
Books
 j - a book of Minor Magic
 m - a book of Frost


   Skills:
 - Level 3.0 Fighting
 - Level 2.3 Crossbows
 - Level 1.0 Throwing
 - Level 1.0 Armour
   Level 1.0 Shields
 + Level 3.7 Spellcasting
 * Level 3.3 Conjurations
   Level 1.5 Transmutations


You had 11 spell levels left.
You knew the following spells:

 Your Spells              Type           Power        Failure   Level  Hunger
a - Magic Dart            Conj           ##..         8%          1    N/A

Dungeon Overview and Level Annotations

Branches:
Dungeon (5/15)
 Temple: D:4-7

Altars:
Dithmenos
Elyvilon
Vehumet
Lugonu

Shops:
D:5 **

Annotations:
D:4 pUX: troll ghost and orc priest+warrior, kosy22's ghost, average TrFi


Innate Abilities, Weirdness & Mutations

You do not eat or drink.
Your flesh is vulnerable to fire.
You are immune to poison.
Your flesh is cold resistant.
You are immune to negative energy.
You are immune to unholy pain and torment.
You can survive without breathing.


Message History

The arrow hits you but does no damage.
Found a dagger.
You see here an arrow.
You start waiting.
The centaur unwields an uncursed shortbow.
The centaur hits you!
Damage: 7 (max 7)
Casting: Magic Dart
Confirm with . or Enter, or press ? or * to list all spells.
Aiming: Magic Dart
Press: ? - help, Shift-Dir - straight line, f - centaur
Aim: a centaur The magic dart hits the centaur.
The centaur is lightly wounded.
The centaur hits you.
Damage: 4 (max 7)
You hit the centaur.
The centaur is moderately wounded.
The centaur hits you but does no damage. x2
You closely miss the centaur.
The centaur is moderately wounded.
The centaur hits you but does no damage.
The centaur hits you!
Damage: 7 (max 7)
You hit the centaur.
There is a sudden explosion of sparks!
The centaur is severely wounded.
The centaur hits you.
Damage: 6 (max 7)
You hit the centaur.
The centaur is severely wounded.
The centaur hits you! The centaur hits you.
* * * LOW HITPOINT WARNING * * *
Damage: 13 (max 13)
You hit the centaur but do no damage.
The centaur is severely wounded.
The centaur hits you but does no damage.
The centaur hits you.
* * * LOW HITPOINT WARNING * * *
Damage: 4 (max 13)
Your +1 whip of electrocution stops crackling.
b - a +0 hand crossbow (weapon)
The centaur hits you.
* * * LOW HITPOINT WARNING * * *
Damage: 4 (max 13) Unknown command.
Firing (i - inventory. (,) - cycle):
d - 14 bolts (quivered)
Press: ? - help, Shift-Dir - straight line, f/p - centaur
Aim: a centaur (severely wounded)
You shoot a bolt. The bolt closely misses the centaur.
The centaur hits you!
You die...

#.#.# ........ #.#.
#........ . #.⌠
##.........
##.#.###.##..........
..#.....#...$....)...
.....#....(##.......
# ......#..c#....# #.
#.. #....#....#
#..#..##....#@...###
#...........c........
#.##..#.....#.....#..
#.................# #
#..................#
#..###....#..#....###
# +...............
###............#.#
#......##.#....#..


You could see a centaur.

Vanquished Creatures
  A scorpion (D:4)
  A crimson imp (D:4)
  A worker ant (D:5)
  A hound skeleton (D:4)
  3 gnolls (D:3)
  12 adders
  3 worms
  6 giant geckos
  12 orcs
  8 bats
  4 giant cockroaches
  10 hobgoblins
  6 kobolds
  2 quokkas
  3 giant newts
  7 goblins
  6 rats
86 creatures vanquished.

Notes
Turn   | Place    | Note
--------------------------------------------------------------
     0 | D:1      | Gorice the Mummy Wanderer began the quest for the Orb.
     0 | D:1      | Gorice set off with: a book of Minor Magic, a +0 ring mail, a +0 hand crossbow, 28 bolts
     0 | D:1      | Reached XP level 1. HP: 18/18 MP: 2/2
    70 | D:1      | Reached XP level 2. HP: 17/24 MP: 4/4
    89 | D:1      | HP: 7/24 [goblin (3)]
   105 | D:1      | HP: 4/24 [goblin (4)]
   658 | D:1      | Reached skill level 2 in Spellcasting
   789 | D:2      | Found a faded altar to an unknown god.
   816 | D:2      | Became a worshipper of Lugonu the Unformed
   816 | D:2      | Acquired Lugonu's first power
   816 | D:2      | Acquired Lugonu's second power
   907 | D:2      | Reached XP level 3. HP: 29/29 MP: 6/6
  1040 | D:2      | Reached skill level 2 in Crossbows
  1179 | D:2      | Found a white marble altar of Elyvilon.
  1347 | D:2      | Found a radiant altar of Vehumet.
  1347 | D:2      | Found a shadowy altar of Dithmenos.
  1556 | D:3      | Reached XP level 4. HP: 31/35 MP: 7/7
  1596 | D:3      | Learned a level 1 spell: Magic Dart
  1752 | D:3      | Reached skill level 1 in Conjurations
  2127 | D:3      | Acquired Lugonu's third power
  2157 | D:3      | Reached XP level 5. HP: 41/41 MP: 9/9
  2159 | D:3      | Reached skill level 2 in Conjurations
  2408 | D:3      | Reached skill level 3 in Spellcasting
  2771 | D:4      | Noticed kosy22's ghost (average TrFi)
  2813 | D:4      | Noticed an orc warrior
  2957 | D:4      | HP: 9/41 [scorpion (5)]
  3514 | D:4      | Reached XP level 6. HP: 47/47 MP: 6/11
  3777 | D:4      | Reached skill level 3 in Conjurations
  4237 | D:5      | Entered Level 5 of the Dungeon
  4240 | D:5      | Found Neipriah's General Store.
  4323 | D:5      | Found Raymual's General Store.
  4355 | D:5      | Bought a +3 leather armour of cold resistance for 264 gold pieces
  4416 | D:5      | HP: 10/47 [centaur (5)]
  4418 | D:5      | HP: 2/47 [centaur (4)]
  4419 | D:5      | Mangled by a centaur

Vault maps used:
D:1:      dpeg_arrival_fog
D:2:      elyvilon_altar_4, gammafunk_temple_overflow_elements,
          ecumenical_altar_1, kennysheep_generic_room_7
D:3:      wad_pebble_path
D:4:      minitemple
D:5:      lemuel_coloured_pillars_altar, serial_shops, shop,
          nicolae_shop_statue_plus, kennysheep_little_box, kennysheep_mini,
          nicolae_shop_window_shopping, first_bread, grunt_decor_mini_mirrors,
          uniq_eustachio

Action                   |  1- 3 |  4- 6 || total
-------------------------+-------+-------++-------
Melee: Trident           |       |    53 ||    53
       Whip              |       |    26 ||    26
 Fire: Hand crossbow     |   126 |    48 ||   174
Throw: Stone             |       |     1 ||     1
 Cast: Magic Dart        |       |    65 ||    65
Invok: Bend Space        |     1 |       ||     1
  Use: Scroll            |     6 |     2 ||     8
 Stab: Sleeping          |       |     1 ||     1

Table legend:
 A = Turns spent in this place as a percentage of turns spent in the entire game.
 B = Non-inter-level travel turns spent in this place as a percentage of non-inter-level travel turns spent in the entire game.
 C = Inter-level travel turns spent in this place as a percentage of turns spent in this place.
 D = Turns resting spent in this place as a percentage of non-inter-level travel turns spent in this place.
 E = Turns spent auto-exploring this place as a percentage of non-inter-level travel turns spent in this place.
 F = Non-inter-level travel turns spent in this place divided by the number of levels of this place that you've seen.
                   A       B       C       D       E      F
               +-------+-------+-------+-------+-------+----------------------
         Total | 100.0 | 100.0 |   1.0 |   1.7 |   5.5 | 336.0
       Dungeon | 100.0 | 100.0 |   1.0 |   1.7 |   5.5 | 336.0
               +-------+-------+-------+-------+-------+----------------------

Vault maps used:
D:1:      dpeg_arrival_fog
D:2:      elyvilon_altar_4, gammafunk_temple_overflow_elements,
          ecumenical_altar_1, kennysheep_generic_room_7
D:3:      wad_pebble_path
D:4:      minitemple
D:5:      lemuel_coloured_pillars_altar, serial_shops, shop,
          nicolae_shop_statue_plus, kennysheep_little_box, kennysheep_mini,
          nicolae_shop_window_shopping, first_bread, grunt_decor_mini_mirrors,
          uniq_eustachio
